 Dungeon Crawl Stone Soup version 0.26-a0-835-g8259106e14 (webtiles) character file.

Game seed: 11425851396772772832

336 mattiecakes the Shield-Bearer (level 6, -18/39 HPs)
             Began as a Gargoyle Fighter on Nov 17, 2020.
             Demolished by an ogre
             ... wielding a +0 giant club
              (24 damage)
             ... on level 4 of the Dungeon.
             The game lasted 00:03:50 (2731 turns).

mattiecakes the Shield-Bearer (Gargoyle Fighter)    Turns: 2731, Time: 00:03:50

Health: -18/39     AC: 15    Str: 21    XL:     6   Next: 54%
Magic:  6/6        EV:  5    Int:  9    God:
Gold:   240        SH:  9    Dex:  9    Spells: 5/5 levels left

rFire    . . .     SeeInvis +   a - +0 war axe
rCold    . . .     Faith    .   c - +0 kite shield
rNeg     + . .     Spirit   .   p - +0 chain mail
rPois    ∞         Reflect  .   (no helmet)
rElec    +         Harm     .   (no cloak)
rCorr    .         Rampage  .   h - +0 pair of gloves
MR       .....                  (no boots)
Stlth    ..........             (no amulet)
HPRegen  0.13/turn              (no ring)
MPRegen  0.10/turn              n - ring of see invisible

@: no status effects
A: negative energy resistance 1, electricity resistance, unbreathing,
petrification resistance, rot immunity, AC +4
a: no special abilities


You were on level 4 of the Dungeon.
You visited 1 branch of the dungeon, and saw 4 of its levels.

You collected 240 gold pieces.

Inventory:

Hand Weapons
 a - a +0 war axe (weapon)
Armour
 c - a +0 kite shield (worn)
 h - a +0 pair of gloves (worn)
 p - a +0 chain mail (worn)
Jewellery
 n - a ring of see invisible (right hand)
Scrolls
 b - a scroll of enchant armour {unknown}
 e - a scroll of remove curse
 i - 6 scrolls of identify {unknown}
 j - a scroll of enchant weapon {unknown}
 k - 3 scrolls of teleportation {unknown}
 l - 3 scrolls of fog {unknown}
 o - a scroll of amnesia {unknown}
 q - a scroll of blinking {unknown}
Potions
 d - a potion of might
 f - 2 potions of curing {unknown}
 g - 2 potions of flight {unknown}
 m - 2 potions of resistance {unknown}
 r - a potion of brilliance {unknown}


   Skills:
 + Level 4.7 Fighting
 + Level 3.3 Axes
 + Level 4.8 Armour
 + Level 4.8 Shields


You had 5 spell levels left.
You didn't know any spells.
Your spell library was empty.

Dungeon Overview and Level Annotations

Branches:
Dungeon (4/15)
 Temple: D:4-7

Altars:

Annotations:
D:4 1 runed translucent door, Crazy Yiuf


Innate Abilities, Weirdness & Mutations

You are resistant to torment.
Your stone body is resilient. (AC +4)
You are immune to poison.
You resist negative energy. (rN+)
You are resistant to electric shocks. (rElec)
You can survive without breathing.
You are immune to petrification.
You are immune to rotting.


Message History

You are too injured to fight recklessly!
You are too injured to fight recklessly!
You are too injured to fight recklessly!
Unknown command.
You aren't carrying any items that you can evoke.
Unknown command.
You barely miss the ogre.
The ogre is severely wounded.
The ogre hits you but does no damage.
Your shield and chain mail prevent you from hitting the ogre.
The ogre is severely wounded.
You block the ogre's attack.
You slash the ogre!
The ogre is almost dead.
The ogre barely misses you.
You hit the ogre but do no damage.
The ogre is almost dead.
The ogre hits you with a +0 giant club!!
Ouch! That really hurt!
You die...

................................>
##......########...###.##).......
##......# #.#...#.#...#...#.
..##############.#.#.......#.....
.................#...............
..##############.###.............
..# #..#####.#........ ..#
#..#####.##.#..... ..#
#@)....#.#......#. ###
#O#..^.#.#........
#.#....#.#......#. #......#
#.<#...#. ...#.### ##.#...#.
...#.. ##.... ...# .# #..## #####
#..# #..#


You could see an ogre.

Vanquished Creatures
  A howler monkey (D:3)
  Ijyb (D:4)
  Natasha (thrice) (D:2)
  Robin (D:2)
  8 adders
  3 oozes
  A worm (D:2)
  3 dart slugs
  3 leopard geckos
  4 orcs
  2 ball pythons
  9 bats
  3 giant cockroaches
  7 hobgoblins
  5 jackals
  12 kobolds
  2 quokkas
  4 frilled lizards
  18 goblins
  4 rats
94 creatures vanquished.

Notes
Turn   | Place    | Note
-------+----------+-------------------------------------------
     0 | D:1      | mattiecakes the Gargoyle Fighter began the quest for the
                  | Orb.
     0 | D:1      | Reached XP level 1. HP: 14/14 MP: 1/1
   138 | D:1      | Reached XP level 2. HP: 17/19 MP: 2/2
   354 | D:1      | Reached XP level 3. HP: 23/23 MP: 3/3
   957 | D:2      | You fall into a shaft and drop 1 floor!
  1064 | D:3      | Reached XP level 4. HP: 29/29 MP: 4/4
  1095 | D:2      | Noticed Natasha
  1108 | D:2      | Killed Natasha
  1561 | D:2      | Noticed Robin
  1568 | D:2      | Reached XP level 5. HP: 32/33 MP: 5/5
  1584 | D:2      | Killed Robin
  1640 | D:2      | Noticed Natasha
  1656 | D:2      | Killed Natasha
  1839 | D:2      | Noticed Natasha
  1844 | D:2      | Killed Natasha
  2179 | D:3      | Reached XP level 6. HP: 34/39 MP: 6/6
  2476 | D:4      | Noticed Ijyb
  2519 | D:4      | Killed Ijyb
  2681 | D:4      | Found a runed translucent door.
  2682 | D:4      | Noticed Crazy Yiuf
  2731 | D:4      | Demolished by an ogre

Illustrated notes

Levels and vault maps discovered:
D:1:      lightli_arrival_chessboard, layout_basic, minmay_vboxes
D:2:      kb_forest_paths, layout_basic, uniq_natasha, uniq_robin
D:3:      layout_rooms
D:4:      layout_basic, gammafunk_temple_overflow_wave,
          minmay_temple_entry_statues_fountains, uniq_crazy_yiuf_cottage,
          uniq_ijyb

Skill      XL: |  1  2  3  4  5 |
---------------+----------------+-----
Axes           | 2 3 |  3.3
Armour         | 4 |  4.8
Shields        | 4 |  4.8
Fighting       | 4 |  4.7

Action                   |  1- 3 |  4- 6 || total
-------------------------+-------+-------++-------
Melee: War axe           |   107 |   209 ||   316
  Use: Scroll            |       |     2 ||     2
Armor: Scale mail        |    72 |    75 ||   147
       Chain mail        |       |    60 ||    60
Dodge: Dodged            |    34 |    65 ||    99
Block: Kite shield       |    69 |   104 ||   173

Table legend: (Time is in decaauts)
 A = Elapsed time spent in this place.
 B = Non-inter-level travel time spent in this place.
 C = Inter-level travel time spent in this place.
 D = Time resting spent in this place.
 E = Time spent auto-exploring this place.
 F = Levels seen in this place.
 G = Mean time per level.
                   A        B        C        D        E       F      G
               +--------+--------+--------+--------+--------+-----+--------+
         Total |   2881 |   2812 |     69 |      0 |   2094 |   4 |  720.2 |
       Dungeon |   2881 |   2812 |     69 |      0 |   2094 |   4 |  720.2 |
               +--------+--------+--------+--------+--------+-----+--------+

Top non-repeatable levels by time:
     D:2: 1157 daAuts
     D:1: 974 daAuts
     D:3: 475 daAuts
     D:4: 274 daAuts
